 Dungeon Crawl Stone Soup version 0.28.0-53-g5a82cb258f (webtiles) character file.

Game seed: 6671477814815159652

65 PrinceOfCinders the Chopper (level 4, -1/41 HPs)
             Began as a Hill Orc Cinder Acolyte on June 24, 2022.
             Was a High Priest of Ignis.
             Slain by a goblin
             ... wielding a +0 club
             ... led by Robin
              (2 damage)
             ... on level 3 of the Dungeon.
             The game lasted 00:12:03 (1813 turns).

PrinceOfCinders the Chopper (HOCA)                  Turns: 1813, Time: 00:12:04

Health: -1/41      AC: 11    Str: 18    XL:     4   Next: 13%
Magic:  5/5        EV: 11    Int: 22    God:    Ignis [*****.]
Gold:   95         SH:  0    Dex:  8    Spells: 5/5 levels left

rFire   + . .      SeeInvis .   k - +8 mace "Cuelliru" {protect, Contam rCorr Int+2 Dex+2}
rCold   . . .      Faith    .   (no shield)
rNeg    . . .      Spirit   .   f - +1 leather armour
rPois   .          Reflect  .   (no helmet)
rElec   .          Harm     .   (no cloak)
rCorr   +          Rampage  .   (no gloves)
Will    .....                   (no boots)
Stlth   +.........              (no amulet)
HPRegen 0.13/turn               l - ring of resist corrosion
MPRegen 0.09/turn               m - +6 ring of intelligence

@: under a protective aura
A: no striking features
a: Renounce Religion, Fiery Armour, Foxfire Swarm, Rising Flame


You were on level 3 of the Dungeon.
You worshipped Ignis.
Ignis was extremely pleased with you.
You visited 1 branch of the dungeon, and saw 3 of its levels.

You collected 95 gold pieces.

Inventory:

Hand Weapons
 a - a -1 hand axe of flaming
 d - a +0 falchion
 e - a +0 dagger
 h - a +0 hand axe
 i - a +0 hand axe
 j - a +1 dagger of flaming
 k - the +8 mace "Cuelliru" (weapon) {protect, Contam rCorr Int+2 Dex+2}
   (You found it on level 2 of the Dungeon)

   It grants its wielder temporary protection when it strikes (+7 to AC).
   Int:       It affects your intelligence (+2).
   Dex:       It affects your dexterity (+2).
   Contam:    It causes magical contamination when unequipped.
   rCorr:     It protects you from acid and corrosion.
Missiles
 c - a poisoned dart (quivered)
Armour
 b - a +0 robe
 f - a +1 leather armour (worn)
Magical Staves
 o - a staff of fire
Jewellery
 l - a ring of resist corrosion (left hand)
 m - a +6 ring of intelligence (right hand)


   Skills:
 + Level 4.3 Fighting
 + Level 5.1 Axes
 + Level 0.1(2.5) Maces & Flails
 + Level 0.3 Armour
 + Level 0.4 Dodging
 + Level 0.1 Stealth
 + Level 1.0 Spellcasting
 + Level 3.7 Fire Magic


You had 5 spell levels left.
You didn't know any spells.
Your spell library contained the following spells:

 Spells                   Type           Power      Damage    Failure   Level
 Scorch                   Fire           34%        2d7       6%          2


Dungeon Overview and Level Annotations

Branches:
Dungeon (3/15)

Altars:
Wu Jian

Annotations:
D:3 Robin


Message History

The goblin barely misses you. x2; The hobgoblin barely misses you.
The goblin barely misses you. The bat hits you but does no damage.
Robin misses you. The hobgoblin barely misses you.
The goblin hits you but does no damage. The goblin barely misses you.
The goblin hits you but does no damage. The bat misses you.
The hobgoblin completely misses you. The goblin barely misses you.
The goblin hits you with a +0 club. Robin misses you.
The hobgoblin closely misses you.
You hit the goblin.
The goblin is moderately wounded.
The bat hits you. The goblin hits you but does no damage.
The goblin misses you. The goblin hits you but does no damage.
The hobgoblin closely misses you. The goblin closely misses you.
Robin hits you from afar with a +4 trident of freezing.
Robin freezes you. The hobgoblin hits you.
* * * LOW HITPOINT WARNING * * *
The goblin closely misses you.
You hit the goblin.
You kill the goblin!
The hobgoblin barely misses you. The goblin barely misses you.
The hobgoblin closely misses you. The goblin hits you but does no damage.
Robin laughs in a distinctly smug fashion.
The goblin misses you. The goblin hits you but does no damage.
You closely miss the goblin. The goblin hits you with a +0 club.
* * * LOW HITPOINT WARNING * * *
The goblin hits you but does no damage. The goblin completely misses you.
The hobgoblin closely misses you. The goblin closely misses you.
The hobgoblin closely misses you. The goblin barely misses you.
The goblin closely misses you. The goblin hits you but does no damage.
You barely miss the goblin.
The hobgoblin no longer looks unusually strong.
The goblin hits you but does no damage. The goblin hits you with a +0 club.
* * * LOW HITPOINT WARNING * * *
The hobgoblin misses you. The goblin barely misses you.
The hobgoblin closely misses you. The goblin hits you but does no damage.
The goblin barely misses you. The goblin hits you but does no damage.
The hobgoblin hits you.
* * * LOW HITPOINT WARNING * * *
The goblin hits you with a +0 club.
You die...

########
#......#
#ggg...#(#
#g@gb....#
#gggg..###
#......#
#......#
#......#
.......#
.......#
........#


You could see Robin, 2 hobgoblins, 6 goblins and a bat.

Vanquished Creatures
  2 adders (D:2)
  A worm (D:2)
  2 dart slugs (D:1)
  3 endoplasms
  3 giant cockroaches
  9 goblins
  4 hobgoblins
  3 quokkas
  A ball python (D:1)
  2 bats (D:1)
  3 frilled lizards (D:1)
  A kobold (D:1)
  3 rats
  A bush (D:2)
38 creatures vanquished.

Vanquished Creatures (others)
  7 plants (D:2)
7 creatures vanquished.

Grand Total: 45 creatures vanquished

Notes
Turn   | Place    | Note
-------+----------+-------------------------------------------
     0 | D:1      | PrinceOfCinders the Hill Orc Cinder Acolyte began the quest
                  | for the Orb.
     0 | D:1      | Reached XP level 1. HP: 19/19 MP: 2/2
   123 | D:1      | Reached XP level 2. HP: 9/27 MP: 3/3
   642 | D:2      | Found a faded altar of an unknown god.
   669 | D:2      | Reached XP level 3. HP: 24/33 MP: 4/4
   906 | D:2      | Identified the +8 mace "Cuelliru" {protect, Contam rCorr
                  | Int+2 Dex+2}
   951 | D:2      | Found an ornate altar of the Wu Jian Council.
  1214 | D:2      | Reached skill level 5 in Axes
  1241 | D:2      | Reached XP level 4. HP: 20/41 MP: 5/5
  1803 | D:3      | Noticed Robin
  1813 | D:3      | HP: 1/41 [hobgoblin[Robin] (3)]
  1813 | D:3      | Slain by a goblin

Illustrated notes

Levels and vault maps discovered:
D:1:      dpeg_arrival_rooms_a, layout_loops_ring
D:2:      layout_rooms, basic_altar, serial_forest,
          infiniplex_forest_lined_room_2, infiniplex_forest_fountain,
          infiniplex_forest_lined_4_way, infiniplex_forest_lined_4_way,
          infiniplex_forest_straight_3, infiniplex_forest_end_3,
          infiniplex_forest_pool, infiniplex_forest_clump_small,
          hellmonk_ecumenical_altar_lost_god
D:3:      layout_rooms, ebering_ghost_sewer_f, uniq_robin, uniq_natasha

Skill      XL: |  1  2  3 |
---------------+----------+-----
Fighting       | 4 |  4.3
Axes           | 5 |  5.1
Maces & Flails | |  0.1
Armour         | |  0.3
Dodging        | |  0.4
Stealth        | |  0.1
Spellcasting   | |  1.0
Fire Magic     | |  3.7

Action                   |  1- 3 |  4- 6 || total
-------------------------+-------+-------++-------
Melee: Hand axe          |    52 |       ||    52
       Punch             |     1 |     5 ||     6
       Mace              |    16 |   107 ||   123
       Dagger            |     2 |       ||     2
Throw: Dart              |       |     1 ||     1
Invok: Fiery Armour      |     1 |       ||     1
  Use: Scroll            |     1 |     2 ||     3
Armor: Robe              |    11 |       ||    11
       Leather armour    |    15 |    22 ||    37
Dodge: Dodged            |    59 |    51 ||   110
